[Event "Titled Tuesday Blitz February 14 Early 2023"]
[White "Urazayev, Arystanbek"]
[Black "Alex_Sahakyan2006"]
[WhiteFideId "13709810"]
[WhiteElo "2460"]
[BlackElo "2715"]
[Result "1-0"]
[Round "06"]
[TimeControl "180+2"]
[Date "2023.02.15"]
[WhiteClock "0:00:32"]
[BlackClock "0:00:03"]

1. d4 Nf6 2. c4 c5 3. d5 b5 4. cxb5 a6 5. bxa6 e6 6. Nc3 exd5 7. Nxd5 Nxd5 8. Qxd5 Rxa6 9. Qe5+ Be7 10. Qxb8 O-O 11. Nf3 Bf6 12. e3 Rb6 13. Qf4 Rb4 14. Qd6 Qa5 15. Bd2 Bxb2 16. Rd1 Bb7 17. Be2 Qa4 18. O-O Rg4 19. h3 Rg6 20. Qxc5 Qa8 21. Kh1 Qxa2 22. Nh4 Rh6 23. Qb4 Rb8 24. Bf3 Ba3 25. Qg4 Ba6 26. Rfe1 Qc2 27. Nf5 Rg6 28. Qf4 Re8 29. Ng3 Bd6 30. Qf5 Bd3 31. Qxd7 Rf8 32. Nh5 Bf5 33. Qc6 Qb2 34. Qd5 Qb8 35. Qxf5 1-0


[Site "https://www.chess.com"]

[Event "Titled Tuesday Blitz February 14 Early 2023"]
[White "Starozhilov, Leonid"]
[Black "Kamsky, Gata"]
[WhiteFideId "14106752"]
[BlackFideId "2000024"]
[WhiteElo "2313"]
[BlackElo "2665"]
[Result "0-1"]
[Round "06"]
[TimeControl "180+2"]
[Date "2023.02.15"]
[WhiteClock "0:00:02"]
[BlackClock "0:00:46"]

1. e4 g6 2. d4 Bg7 3. Nc3 d6 4. f4 a6 5. Nf3 b5 6. Bd3 e6 7. a4 b4 8. Ne2 Ne7 9. c4 bxc3 10. bxc3 Nd7 11. O-O O-O 12. Rb1 c5 13. Be3 Qc7 14. f5 exf5 15. exf5 Nf6 16. Ng3 Ned5 17. Bd2 cxd4 18. cxd4 Re8 19. Kh1 Ne3 20. Bxe3 Rxe3 21. Qd2 Re8 22. fxg6 hxg6 23. Ng5 d5 24. Rbc1 Qd6 25. Rce1 Bd7 26. Nf3 Ng4 27. Qg5 Bf6 28. Qd2 Rxe1 29. Rxe1 Bxa4 30. Ne5 Nxe5 31. dxe5 Bxe5 32. Qg5 Bxg3 33. hxg3 Bb5 34. Bb1 Re8 35. Rc1 Qe5 36. Qh4 Kg7 0-1


[Site "https://www.chess.com"]

[Event "Titled Tuesday Blitz February 14 Early 2023"]
[White "Paichadze, Luka"]
[Black "Martinez Ramirez, Lennis"]
[WhiteFideId "13602934"]
[BlackFideId "3509079"]
[WhiteElo "2515"]
[BlackElo "2426"]
[Result "1-0"]
[Round "06"]
[TimeControl "180+2"]
[Date "2023.02.15"]
[WhiteClock "0:00:39"]
[BlackClock "0:00:06"]

1. e4 e5 2. d4 exd4 3. Qxd4 Nc6 4. Qe3 Nf6 5. Nc3 Bb4 6. Bd2 O-O 7. O-O-O Re8 8. Bc4 d6 9. f3 Be6 10. Bxe6 Rxe6 11. Qf2 Ne5 12. Nge2 Nc4 13. Nf4 Re5 14. Nd3 Bc5 15. Qe2 a6 16. Nxe5 Nxe5 17. Bg5 h6 18. Bh4 Ng6 19. Bg3 Qe8 20. Nd5 Nxd5 21. Rxd5 b5 22. Rhd1 Qc6 23. Kb1 a5 24. f4 a4 25. f5 Ne7 26. R5d3 a3 27. b3 Re8 28. Qg4 Bd4 29. Bf4 Bf6 30. Bxh6 Nc8 31. Bxg7 Rxe4 32. Qg3 Bxg7 33. f6 Kf8 34. Qxg7+ Ke8 35. Qg8+ Kd7 36. Qxf7+ Kd8 37. Qd5 1-0


[Site "https://www.chess.com"]

[Event "Titled Tuesday Blitz February 14 Early 2023"]
[White "Taspinar, Yanki"]
[Black "Grigoriants, Sergey"]
[WhiteFideId "34561188"]
[BlackFideId "4130804"]
[WhiteElo "2262"]
[BlackElo "2562"]
[Result "0-1"]
[Round "06"]
[TimeControl "180+2"]
[Date "2023.02.15"]
[WhiteClock "0:00:06"]
[BlackClock "0:00:13"]

1. Nf3 Nf6 2. g3 b5 3. Bg2 Bb7 4. O-O e6 5. b3 c5 6. Bb2 Be7 7. d4 cxd4 8. Nxd4 Bxg2 9. Kxg2 a6 10. Nd2 O-O 11. c4 Qb6 12. e3 Rc8 13. Rc1 Nc6 14. Qc2 Qb7 15. Nxc6 Rxc6 16. Kg1 bxc4 17. bxc4 Rac8 18. Bd4 Qc7 19. Qa4 h5 20. h4 d5 21. Rc2 Ng4 22. Rfc1 Bxh4 23. Kg2 Be7 24. Rh1 g6 25. Rcc1 dxc4 26. Qc2 c3 27. Nf3 e5 28. Qe4 exd4 29. Nxd4 Rf6 30. f3 Ne5 31. Rxh5 gxh5 32. Rh1 Ng6 33. Rxh5 c2 34. Nf5 Rxf5 35. Qxf5 c1=Q 36. Rh7 Q7c2+ 37. Qxc2 Qxc2+ 38. Kh3 Kxh7 39. Kg4 Qxa2 40. f4 Qe6+ 41. Kf3 Rc3 42. g4 Qxe3+ 43. Kg2 Nxf4+ 0-1


[Site "https://www.chess.com"]

[Event "Titled Tuesday Blitz February 14 Early 2023"]
[White "Maksimovic, Bojan"]
[Black "Jaracz, Pawel"]
[WhiteFideId "14408120"]
[BlackFideId "1102222"]
[WhiteElo "2486"]
[BlackElo "2467"]
[Result "0-1"]
[Round "06"]
[TimeControl "180+2"]
[Date "2023.02.15"]
[WhiteClock "0:00:04"]
[BlackClock "0:00:12"]

1. e4 c5 2. Nf3 e6 3. d4 cxd4 4. Nxd4 Nc6 5. Nc3 Qc7 6. Be3 a6 7. Qf3 Ne5 8. Qg3 h5 9. h4 Bd6 10. f4 Ng4 11. e5 Bb4 12. Bd2 N8h6 13. O-O-O Bc5 14. Nb3 Nf5 15. Qf3 Nf2 16. Nxc5 Qxc5 17. Bd3 Nxd3+ 18. Qxd3 b5 19. Ne4 Qc6 20. Ng3 g6 21. Ne4 Bb7 22. Nf6+ Kf8 23. Bb4+ Kg7 24. Qxd7 Rhc8 25. Qxc6 Bxc6 26. Rhg1 a5 27. Bd6 Nxh4 28. g4 Bf3 29. gxh5 Bxd1 30. Kxd1 Nf5 31. Ne4 Rc4 32. Re1 gxh5 33. Rg1+ Kh8 34. Ng5 Ra7 35. c3 Rxf4 36. Kc1 Rg4 37. Rxg4 hxg4 38. Kd2 Nxd6 39. exd6 Rd7 40. Ke3 Kg7 41. Ne4 f5 42. Nc5 Rxd6 43. Kf4 Kf6 44. b4 e5+ 45. Kg3 axb4 46. cxb4 Rd4 47. a3 Rc4 0-1


[Site "https://www.chess.com"]

[Event "Titled Tuesday Blitz February 14 Early 2023"]
[White "Remizov, Yaroslav"]
[Black "Korchmar, Vasiliy"]
[WhiteFideId "34134015"]
[BlackFideId "24131750"]
[WhiteElo "2421"]
[BlackElo "2438"]
[Result "1-0"]
[Round "06"]
[TimeControl "180+2"]
[Date "2023.02.15"]
[WhiteClock "0:00:13"]
[BlackClock "0:00:01"]

1. Nf3 d5 2. c4 d4 3. b4 Bg4 4. Qb3 Nf6 5. Bb2 Bxf3 6. gxf3 e5 7. Rg1 a5 8. bxa5 Nbd7 9. Ba3 Bxa3 10. Qxa3 g6 11. d3 c5 12. Bh3 O-O 13. Nd2 Rxa5 14. Qb2 Qc7 15. Bxd7 Nxd7 16. Kf1 Nb6 17. Rb1 Ra6 18. Kg2 Rfa8 19. Rgd1 R8a7 20. Qb5 Na4 21. Ne4 f5 22. Qe8+ Kg7 23. Ng5 Nc3 24. Re1 h6 25. Ne6+ Rxe6 26. Qxe6 Nxb1 27. Rxb1 Rxa2 28. Rb6 Ra6 29. Qxg6+ Kh8 30. Qxh6+ Kg8 31. Qe6+ Kh8 32. Qf6+ Kg8 33. Rxa6 bxa6 34. Qxa6 Qg7+ 35. Kf1 Qh6 36. Qxh6 1-0


[Site "https://www.chess.com"]

[Event "Titled Tuesday Blitz February 14 Early 2023"]
[White "Boruchovsky, Avital"]
[Black "Panesso Rivera, Henry"]
[WhiteFideId "2800055"]
[BlackFideId "4402707"]
[WhiteElo "2539"]
[BlackElo "2342"]
[Result "1-0"]
[Round "06"]
[TimeControl "180+2"]
[Date "2023.02.15"]
[WhiteClock "0:00:05"]
[BlackClock "0:00:04"]

1. c4 e5 2. Nc3 Nf6 3. g3 c6 4. Nf3 e4 5. Nd4 Na6 6. Bg2 d5 7. cxd5 cxd5 8. d3 exd3 9. Qxd3 Nc5 10. Qd1 h6 11. O-O Be7 12. b4 Nce4 13. Nxe4 dxe4 14. Bb2 O-O 15. Qb3 Qb6 16. a3 Rd8 17. Rfd1 Bd7 18. e3 a5 19. bxa5 Qxa5 20. h3 Ba4 21. Qxb7 Rd7 22. Nc6 Rxb7 23. Nxa5 Rxb2 24. Nc4 Rc2 25. Nb6 Rc6 26. Nxa8 Bxd1 27. Rxd1 Kf8 28. a4 Ke8 29. a5 Bd8 30. Nb6 Bxb6 31. axb6 Rxb6 32. g4 Ke7 33. Kh2 g5 34. Rd4 Re6 35. Kg3 Re5 36. h4 Ke6 37. Bf1 gxh4+ 38. Kxh4 Rg5 39. Be2 Ke5 40. Ra4 Rg7 41. Ra5+ Ke6 42. Kg3 Ke7 43. Kf4 Rg8 44. Ra7+ Kd6 45. Rxf7 Nd5+ 46. Kxe4 Re8+ 47. Kd4 Ra8 48. Bf3 Ra4+ 49. Kd3 Nb4+ 50. Kc3 Na6 51. Rf6+ Ke5 52. Rxh6 Nc5 53. Rh5+ Kd6 54. Rd5+ 1-0


[Site "https://www.chess.com"]

[Event "Titled Tuesday Blitz February 14 Early 2023"]
[White "Bilych, Olexiy"]
[Black "Parkhov, Yair"]
[WhiteFideId "14156504"]
[BlackFideId "2813408"]
[WhiteElo "2441"]
[BlackElo "2505"]
[Result "0-1"]
[Round "06"]
[TimeControl "180+2"]
[Date "2023.02.15"]
[WhiteClock "0:00:09"]
[BlackClock "0:00:13"]

1. d4 d5 2. c4 e6 3. Nf3 Nf6 4. Nc3 Nbd7 5. cxd5 exd5 6. Bg5 c6 7. e3 Be7 8. Bd3 Nf8 9. O-O Ne6 10. Bh4 O-O 11. Qc2 g6 12. Rab1 a5 13. Rfd1 Ng7 14. Bxf6 Bxf6 15. e4 dxe4 16. Nxe4 Bf5 17. Ne5 Bxe4 18. Bxe4 Re8 19. Qb3 Qe7 20. Bd3 Rad8 21. Bc4 Bxe5 22. dxe5 b5 23. Rxd8 Rxd8 24. Bf1 Qxe5 25. Rc1 Rd6 26. a4 b4 27. Qc2 Ne6 28. b3 c5 29. Bc4 Nd4 30. Qd3 Kg7 31. h3 h5 32. Rf1 Rf6 33. Qb1 Qg5 34. Qd1 h4 35. Kh1 Qf4 36. Qd3 Rf5 37. Kg1 Rg5 38. Kh1 Re5 39. Kg1 g5 40. Kh1 g4 41. hxg4 Qxg4 42. Kh2 Qf4+ 43. Kh1 Rg5 44. Qh3 Nf5 45. Kg1 Nd4 46. Kh1 f5 47. Kg1 Nf3+ 48. Kh1 Ne5 49. Bb5 Ng4 50. Kg1 Nf6 51. Bc4 Ne4 52. Qh2 Qxh2+ 53. Kxh2 Nd2 54. Rc1 f4 55. Rc2 Nxc4 56. Rxc4 Rf5 57. Kh3 f3 58. gxf3 Rxf3+ 59. Kxh4 Rc3 60. Rxc5 Rxc5 0-1


[Site "https://www.chess.com"]

[Event "Titled Tuesday Blitz February 14 Early 2023"]
[White "Sadykov, Ramil"]
[Black "Zemlyanskii, Ivan"]
[WhiteFideId "24113590"]
[BlackFideId "24249971"]
[WhiteElo "2345"]
[BlackElo "2300"]
[Result "0-1"]
[Round "06"]
[TimeControl "180+2"]
[Date "2023.02.15"]
[WhiteClock "0:00:05"]
[BlackClock "0:00:50"]

1. e4 Nc6 2. Nf3 d5 3. exd5 Qxd5 4. Nc3 Qd6 5. d4 Nf6 6. Nb5 Qd8 7. Bf4 Nd5 8. Bg3 a6 9. Na3 e6 10. Nc4 Be7 11. c3 O-O 12. Bd3 b5 13. Nce5 Nxe5 14. Nxe5 Bb7 15. O-O c5 16. dxc5 Bxc5 17. Qc2 h6 18. Rad1 Qe7 19. a4 b4 20. c4 Nf6 21. Bh4 Rfd8 22. Ng4 Bd4 23. Bh7+ Kh8 24. Nxf6 Bxf6 25. Bxf6 Qxf6 26. Bd3 Rd4 27. Be2 Qg5 28. f3 Qe3+ 29. Rf2 Rad8 30. Rxd4 Rxd4 31. Bf1 Bc6 0-1


[Site "https://www.chess.com"]

[Event "Titled Tuesday Blitz February 14 Early 2023"]
[White "Ozen, Bahadir"]
[Black "Mika, Tomasz"]
[WhiteFideId "6337058"]
[BlackFideId "1132970"]
[WhiteElo "2369"]
[BlackElo "2169"]
[Result "1-0"]
[Round "06"]
[TimeControl "180+2"]
[Date "2023.02.15"]
[WhiteClock "0:01:38"]
[BlackClock "0:01:41"]

1. g3 d5 2. Nf3 c6 3. Bg2 h6 4. c4 Bf5 5. cxd5 cxd5 6. Qb3 e6 7. Qxb7 Nd7 8. Nc3 Rb8 9. Qxa7 Bc5 10. Qa4 Nf6 11. O-O O-O 12. d3 Rb4 13. Qc2 Qb6 14. a3 Rb5 15. Nxb5 1-0


[Site "https://www.chess.com"]

[Event "Titled Tuesday Blitz February 14 Early 2023"]
[White "Bortnyk, Olexandr"]
[Black "Derjabin, Ilja"]
[WhiteFideId "14120828"]
[BlackFideId "14104768"]
[WhiteElo "2605"]
[BlackElo "2333"]
[Result "1-0"]
[Round "06"]
[TimeControl "180+2"]
[Date "2023.02.15"]
[WhiteClock "0:00:45"]
[BlackClock "0:00:05"]

1. d4 Nf6 2. Nc3 e6 3. e4 d5 4. Bg5 Be7 5. e5 Ne4 6. Bxe7 Qxe7 7. Nxe4 dxe4 8. c3 O-O 9. Ne2 c5 10. Ng3 f5 11. exf6 Qxf6 12. Nxe4 Qf4 13. Bd3 cxd4 14. cxd4 Nc6 15. O-O Nxd4 16. Qc1 e5 17. Qxf4 exf4 18. Rfe1 Bf5 19. Rad1 Rad8 20. Bc4+ Kh8 21. Ng5 Bg6 22. h4 h6 23. Ne6 Nxe6 24. Bxe6 Bc2 25. Rxd8 Rxd8 26. Bg4 Rd2 27. Re7 Bb1 28. Rxb7 Kg8 29. a4 g6 30. a5 h5 31. Bf3 a6 32. b4 Bd3 33. Rd7 1-0


[Site "https://www.chess.com"]

[Event "Titled Tuesday Blitz February 14 Early 2023"]
[White "Pajeken, Jakob Leon"]
[Black "Narayanan.S.L"]
[WhiteFideId "12942839"]
[BlackFideId "5058422"]
[WhiteElo "2417"]
[BlackElo "2660"]
[Result "0-1"]
[Round "06"]
[TimeControl "180+2"]
[Date "2023.02.15"]
[WhiteClock "0:00:53"]
[BlackClock "0:02:33"]

1. d4 d5 2. c4 e5 3. e3 exd4 4. exd4 Nf6 5. Nf3 Bb4+ 6. Bd2 Bxd2+ 7. Nbxd2 O-O 8. Be2 Nc6 9. O-O dxc4 10. Nxc4 Be6 11. Nce5 Ne7 12. Nd3 Bd5 13. Rc1 Ng6 14. Nfe5 c6 15. Bf3 Bxf3 16. Nxf3 Re8 17. Nc5 b6 18. Nd3 Rc8 19. Nde5 Nxe5 20. dxe5 Nd5 21. Qa4 Qd7 22. Rfd1 h6 23. h3 a5 24. a3 b5 25. Qxa5 Qe7 26. Qd2 g5 27. Qc2 Nf4 28. Re1 c5 29. Rcd1 c4 30. Re4 Nd3 31. b3 Qb7 32. Rd4 Re6 33. bxc4 bxc4 34. Rxc4 Rxc4 35. Qxc4 Nf4 36. Qc3 Ne2+ 0-1


[Site "https://www.chess.com"]

[Event "Titled Tuesday Blitz February 14 Early 2023"]
[White "Durarbayli, Vasif"]
[Black "Maksimenko, Viktor"]
[WhiteFideId "13402935"]
[BlackFideId "13710478"]
[WhiteElo "2627"]
[BlackElo "2196"]
[Result "1-0"]
[Round "06"]
[TimeControl "180+2"]
[Date "2023.02.15"]
[WhiteClock "0:00:08"]
[BlackClock "0:00:01"]

1. e4 e5 2. Nf3 Nc6 3. d4 exd4 4. Nxd4 Nf6 5. Nxc6 bxc6 6. e5 Qe7 7. Qe2 Nd5 8. h4 Qe6 9. Nd2 d6 10. exd6 Bxd6 11. Nc4 Bb4+ 12. Bd2 O-O 13. O-O-O Rb8 14. Qxe6 Bxe6 15. Ne5 Rb6 16. Bc4 Bd6 17. Rhe1 Rfb8 18. Bb3 Be7 19. Bg5 Bb4 20. Bd2 Be7 21. Nc4 Ra6 22. Bg5 Bb4 23. Re4 h6 24. Bd2 Bf8 25. Rxe6 fxe6 26. Re1 c5 27. Kb1 Be7 28. g3 Bf6 29. f4 Kf7 30. h5 Re8 31. g4 Nb6 32. g5 Nxc4 33. Bxc4 Rd6 34. Bc1 Rd4 35. g6+ Kf8 36. Bxe6 Red8 37. Bg4 R4d6 38. c3 Rb6 39. Kc2 Re8 40. Rd1 Rd6 41. Rf1 Rb8 42. Be3 Rb5 43. Be2 Ra5 44. a3 Re6 45. Rf3 Kg8 46. Bc4 c6 1-0


[Site "https://www.chess.com"]

[Event "Titled Tuesday Blitz February 14 Early 2023"]
[White "Al-Tarboush, Ward"]
[Black "Sychev, Klementy"]
[WhiteFideId "7601450"]
[BlackFideId "4114060"]
[WhiteElo "2256"]
[BlackElo "2547"]
[Result "0-1"]
[Round "06"]
[TimeControl "180+2"]
[Date "2023.02.15"]
[WhiteClock "0:00:03"]
[BlackClock "0:00:36"]

1. e4 e5 2. Nf3 Nc6 3. Bb5 a6 4. Ba4 b5 5. Bb3 Na5 6. O-O d6 7. d4 exd4 8. Nxd4 Bb7 9. Bd2 Nxb3 10. Nxb3 Rb8 11. Nc3 Nf6 12. a4 Be7 13. axb5 axb5 14. Re1 O-O 15. f3 b4 16. Ne2 c5 17. Nf4 Ra8 18. Be3 Re8 19. Qd2 Bf8 20. Rxa8 Qxa8 21. Ra1 Qd8 22. Na5 Ba8 23. Nc4 d5 24. exd5 Bxd5 25. Rd1 Bxc4 26. Qxd8 Rxe3 27. Qa8 Re8 28. Rd8 Rxd8 29. Qxd8 b3 30. cxb3 Bxb3 31. Nd3 c4 32. Nc5 Ba2 33. Qa8 Bb1 34. Na4 g6 35. Nc3 Bf5 36. g4 Be6 37. Ne4 Nxe4 38. Qxe4 h6 39. Kg2 Bg7 40. Qc2 g5 41. h3 Be5 42. Qe2 Bf6 43. Qd2 Kg7 44. Qb4 Bd4 45. Qb8 Bf6 46. Kg3 Kh7 47. f4 Kg7 48. f5 Bd5 49. Qd6 Be4 50. Qb4 Bd3 51. Kf2 Bd4+ 52. Kf3 Be5 53. Qc5 Bxb2 54. h4 gxh4 55. Qf2 Bf6 56. Kf4 c3 57. Ke3 c2 58. Qd2 Bg5+ 0-1


[Site "https://www.chess.com"]

[Event "Titled Tuesday Blitz February 14 Early 2023"]
[White "Sourath Biswas"]
[Black "Molina, Roberto Junio Brito"]
[WhiteFideId "35091484"]
[BlackFideId "2109450"]
[WhiteElo "2281"]
[BlackElo "2403"]
[Result "0-1"]
[Round "06"]
[TimeControl "180+2"]
[Date "2023.02.15"]
[WhiteClock "0:01:13"]
[BlackClock "0:01:00"]

1. d4 d5 2. Bf4 e6 3. e3 Bd6 4. Nf3 Bxf4 5. exf4 Qd6 6. Qd2 Nf6 7. Nc3 O-O 8. O-O-O c5 9. Rg1 cxd4 10. Nxd4 Nc6 11. g4 Rd8 12. g5 Nh5 13. Nce2 g6 14. Qe3 Bd7 15. Bh3 Re8 16. Nxc6 bxc6 17. Qe5 Qxe5 18. fxe5 c5 19. Bg4 Ng7 20. h4 Bc6 21. c3 Rab8 22. Nf4 Rb7 23. h5 Reb8 24. Rd2 d4 25. h6 dxc3 26. Rd6 cxb2+ 27. Kb1 Be4+ 28. Nd3 Ne8 29. f3 Nxd6 30. fxe4 Nxe4 0-1


[Site "https://www.chess.com"]

[Event "Titled Tuesday Blitz February 14 Early 2023"]
[White "Ibarra Jerez, Jose Carlos"]
[Black "Cori T., Deysi"]
[WhiteFideId "2226332"]
[BlackFideId "3801934"]
[WhiteElo "2563"]
[BlackElo "2362"]
[Result "1-0"]
[Round "06"]
[TimeControl "180+2"]
[Date "2023.02.15"]
[WhiteClock "0:01:10"]
[BlackClock "0:00:03"]

1. e4 e6 2. d4 d5 3. Nc3 Nf6 4. Bg5 Be7 5. e5 Nfd7 6. Bxe7 Qxe7 7. Qg4 f5 8. exf6 Nxf6 9. Qh4 c5 10. dxc5 Nc6 11. O-O-O Qxc5 12. Bd3 Bd7 13. Bg6+ Ke7 14. Bd3 Ne5 15. Nf3 Nxd3+ 16. Rxd3 Rac8 17. Re1 Kd8 18. Qg3 Rg8 19. Ne5 Bb5 20. Rd2 Rc7 21. Nf3 Re8 22. Nd4 Bd7 23. Qxg7 Qe7 24. Qg3 a6 25. Rde2 Qc5 26. Nxe6+ Bxe6 27. Rxe6 d4 28. Qd6+ Qxd6 29. Rxd6+ Rd7 30. Rxe8+ Nxe8 31. Rxd7+ Kxd7 32. Ne2 d3 33. cxd3 Nd6 34. Nd4 b5 35. b4 Nf7 36. Kd2 Ne5 37. h3 Kd6 38. f4 Ng6 39. g3 Kd5 40. Ne2 Ne7 41. g4 Ng6 42. Ke3 Nh4 43. Nc3+ Kd6 44. Ke4 1-0


[Site "https://www.chess.com"]

[Event "Titled Tuesday Blitz February 14 Early 2023"]
[White "Rakhmanov, Aleksandr"]
[Black "Vovk, Orest"]
[WhiteFideId "4173708"]
[BlackFideId "14113490"]
[WhiteElo "2632"]
[BlackElo "2315"]
[Result "1-0"]
[Round "06"]
[TimeControl "180+2"]
[Date "2023.02.15"]
[WhiteClock "0:00:13"]
[BlackClock "0:00:02"]

1. c4 g5 2. Nc3 h6 3. g3 Bg7 4. Bg2 c5 5. d3 Nc6 6. e3 d6 7. Nge2 Nf6 8. b3 h5 9. h4 gxh4 10. Rxh4 Bg4 11. Bb2 Ne5 12. Bxb7 Nf3+ 13. Bxf3 Bxf3 14. Qd2 Ng4 15. Nf4 Ne5 16. d4 cxd4 17. exd4 Nc6 18. d5 Ne5 19. Nce2 Bg4 20. Nd4 Bf6 21. Rh2 Qb6 22. Kf1 Qxd4 23. Qxd4 Nf3 24. Qxf6 Nxh2+ 25. Kg2 exf6 26. Bxf6 O-O 27. Kxh2 Bf3 28. g4 Rfe8 29. gxh5 Kh7 30. Kg3 Be4 31. f3 Rg8+ 32. Kf2 Bf5 33. Re1 Rae8 34. Re7 Rxe7 35. Bxe7 a5 36. Bxd6 a4 37. bxa4 Ra8 38. a3 Rxa4 39. Bb4 Bc8 40. c5 Ba6 41. c6 Bc4 42. Ke3 Ra8 43. Kd4 Bb5 44. Kc5 Ba6 45. d6 Rg8 46. d7 1-0


[Site "https://www.chess.com"]

[Event "Titled Tuesday Blitz February 14 Early 2023"]
[White "Pantsulaia, Levan"]
[Black "Principe, Gerson"]
[WhiteFideId "13602071"]
[BlackFideId "3804550"]
[WhiteElo "2570"]
[BlackElo "2226"]
[Result "1-0"]
[Round "06"]
[TimeControl "180+2"]
[Date "2023.02.15"]
[WhiteClock "0:00:12"]
[BlackClock "0:00:01"]

1. Nf3 Nf6 2. g3 b6 3. Bg2 Bb7 4. O-O e6 5. d3 d5 6. Nbd2 Be7 7. e4 O-O 8. e5 Nfd7 9. Re1 c5 10. h4 Nc6 11. Nf1 b5 12. h5 b4 13. h6 g6 14. N1h2 a5 15. Ng4 a4 16. Bf4 Nd4 17. Nxd4 cxd4 18. Qd2 g5 19. Bxg5 Bxg5 20. Qxb4 Bc6 21. Qxd4 Qb6 22. Qc3 Qc5 23. Qxc5 Nxc5 24. b4 axb3 25. axb3 Bd2 26. Red1 Bc3 27. Nf6+ Kh8 28. Rxa8 Rxa8 29. d4 Nd7 30. Rd3 Bb4 31. Ng4 Ra1+ 32. Kh2 Bb5 33. Rf3 Kg8 34. Ne3 Bd2 35. Rf4 Bxe3 36. fxe3 Nf8 37. e4 Bc6 38. exd5 Bxd5 39. c4 Bxg2 40. Kxg2 Rb1 41. Rf3 Nd7 42. Kf2 Rb2+ 43. Ke1 Nb8 44. d5 exd5 45. cxd5 Nd7 46. e6 fxe6 47. dxe6 Ne5 48. Re3 Ng6 49. Kd1 Kf8 50. Rf3+ 1-0


[Site "https://www.chess.com"]

[Event "Titled Tuesday Blitz February 14 Early 2023"]
[White "Mamedov, Edgar"]
[Black "Yuan, Qingyu"]
[WhiteFideId "13739980"]
[BlackFideId "8609772"]
[WhiteElo "2193"]
[BlackElo "2373"]
[Result "1/2-1/2"]
[Round "06"]
[TimeControl "180+2"]
[Date "2023.02.15"]
[WhiteClock "0:00:04"]
[BlackClock "0:00:02"]

1. d4 d5 2. c4 e6 3. Nf3 Nf6 4. g3 Bb4+ 5. Bd2 Be7 6. Bg2 O-O 7. O-O Nbd7 8. Qc2 c6 9. Rd1 b6 10. Bf4 Ba6 11. Nbd2 c5 12. dxc5 Nxc5 13. Ne5 Rc8 14. Ndf3 Qe8 15. Nd4 Nce4 16. b3 Nd6 17. Rac1 Nfe4 18. Qb2 f6 19. Nxe6 fxe5 20. Bxe5 Bf6 21. cxd5 Nxf2 22. Rxc8 Bxc8 23. Rf1 Bxe6 24. Rxf2 Bxe5 25. Qxe5 Rxf2 26. Kxf2 Qf8+ 27. Kg1 Bd7 28. e4 Qf6 29. Qf4 Qd4+ 30. Qf2 Qxf2+ 31. Kxf2 Nf7 32. Ke3 Kf8 33. Kd4 Ke7 34. e5 Bf5 35. h3 h5 36. Bf3 g6 37. g4 hxg4 38. hxg4 Bb1 39. a3 g5 40. b4 Ba2 41. a4 Nh6 42. Be2 Nf7 43. Bf3 Bb3 44. a5 Ba2 45. axb6 axb6 46. Be2 Nd8 47. Bf3 Nf7 48. Be2 Nh8 49. Bf3 Ng6 50. b5 Nf4 51. d6+ Kd8 52. Be4 Be6 53. Bf5 Kd7 54. Ke4 Kd8 55. Bxe6 Nxe6 56. Kf5 Kd7 57. Kf6 Nd4 58. Kxg5 Ke6 59. Kh6 Kxe5 60. d7 Ne6 61. g5 Kd6 62. g6 Kxd7 63. Kh5 Kd6 64. Kg4 Kc5 65. Kf5 Kd6 66. Kf6 Kd7 67. Kf7 Nd8+ 68. Kf6 Ne6 69. Kf7 Kd6 70. Kf6 Kd5 71. Kf5 Nd4+ 72. Kf6 Ne6 73. Kf5 Kd6 74. Kf6 1/2-1/2


[Site "https://www.chess.com"]

[Event "Titled Tuesday Blitz February 14 Early 2023"]
[White "Baskakov, Egor"]
[Black "Pinheiro, Iung Alicio de O."]
[WhiteFideId "24197866"]
[BlackFideId "2104350"]
[WhiteElo "2215"]
[BlackElo "2306"]
[Result "0-1"]
[Round "06"]
[TimeControl "180+2"]
[Date "2023.02.15"]
[WhiteClock "0:00:05"]
[BlackClock "0:00:08"]

1. e4 c5 2. Nf3 Nc6 3. Nc3 e5 4. Nd5 d6 5. c3 Nf6 6. Nxf6+ Qxf6 7. Bc4 Qg6 8. O-O Bh3 9. Ne1 Be7 10. Kh1 Be6 11. Qe2 O-O 12. d3 Bxc4 13. dxc4 f5 14. exf5 Rxf5 15. f3 Raf8 16. Nc2 Rh5 17. Ne3 Bg5 18. Kg1 Bf4 19. Ng4 Rhf5 20. Bxf4 Rxf4 21. h3 h5 22. Ne3 Nd8 23. Rad1 Nf7 24. Qd3 Qe6 25. Qd5 Qc8 26. Kh2 Rf6 27. Rf2 Kh8 28. Rdf1 Ng5 29. b4 b6 30. a4 Rg6 31. Qd3 Qe6 32. f4 exf4 33. Rxf4 Qe5 34. Nd5 Rxf4 35. Nxf4 Rf6 36. g3 Ne4 37. h4 Kg8 38. Qe3 Nxc3 39. Qd3 Ne4 40. bxc5 bxc5 41. Rb1 Rxf4 42. gxf4 Qxf4+ 43. Kg2 Qf2+ 44. Kh3 Qf5+ 45. Kg2 Qf2+ 46. Kh3 Qf5+ 47. Kg2 Qg4+ 48. Kh2 Qxh4+ 49. Kg2 Qf2+ 50. Kh1 Ng3+ 0-1


[Site "https://www.chess.com"]

[Event "Titled Tuesday Blitz February 14 Early 2023"]
[White "Melian, Juan Sebastian"]
[Black "Pichot, Alan"]
[WhiteFideId "3706575"]
[BlackFideId "110973"]
[WhiteElo "2293"]
[BlackElo "2638"]
[Result "1-0"]
[Round "06"]
[TimeControl "180+2"]
[Date "2023.02.15"]
[WhiteClock "0:00:07"]
[BlackClock "0:00:20"]

1. d4 g6 2. c4 d6 3. Nc3 Nd7 4. e4 e5 5. Nge2 Bg7 6. Be3 Ngf6 7. f3 O-O 8. Qd2 exd4 9. Nxd4 Re8 10. Be2 a5 11. O-O Nc5 12. Rfe1 h5 13. Rad1 Bd7 14. Ndb5 b6 15. b3 Be6 16. Bg5 Qc8 17. Nd5 Bxd5 18. cxd5 Nh7 19. Be3 Qd7 20. Nd4 Be5 21. Bb5 Qe7 22. Bxe8 Qxe8 23. Nc6 Bg7 24. Bd4 Bf8 25. e5 dxe5 26. Bxe5 Qd7 27. Qf4 Re8 28. Bc3 Rxe1+ 29. Bxe1 Bd6 30. Qd4 Qf5 31. Bc3 f6 32. Kh1 Kg7 33. Re1 Ng5 34. Ne7 Qf4 35. Qxf4 Bxf4 36. Nc6 Bd6 37. Rd1 Nf7 38. Nd4 Ne5 39. Ne6+ Nxe6 40. dxe6 Kf8 41. f4 Ng4 42. Rf1 Ke7 43. f5 g5 44. h3 Ne3 45. Rf3 Nd5 46. Bd2 Be5 47. Kg1 c5 48. Kf1 Bd4 49. a4 Nc7 50. Ke2 Ne8 51. Kd3 Nd6 52. g3 Be5 53. g4 h4 54. Rf1 Bd4 55. Be3 Be5 56. Rc1 Bb2 57. Re1 Ke8 58. Bd2 Ke7 59. Bc3 Ba3 60. Re2 Bc1 61. Rc2 Bf4 62. Re2 Bc1 63. Bd2 Ba3 64. Kc2 c4 65. bxc4 Bc5 66. Kd3 Nb7 67. Be3 Bxe3 68. Kxe3 Nc5 69. Kd4 Nxa4 70. Ra2 Nc5 71. Rb2 Na4 72. Rb5 Kd6 73. Rd5+ Ke7 74. Rd7+ Ke8 75. Kd5 Nc5 76. Ra7 a4 77. Kd6 Ne4+ 78. Kc6 Nf2 79. Kxb6 Nxh3 80. Kc6 Nf2 81. Kd6 Ne4+ 82. Kd5 Nc3+ 83. Kc6 h3 84. Rh7 a3 85. Rxh3 a2 86. Rh1 Nb1 87. Kd6 Kf8 88. e7+ Kf7 89. Rh7+ Kg8 90. e8=Q+ Kxh7 91. Qg6+ Kh8 92. Qxf6+ Kg8 93. Qg6+ Kh8 94. Qf6+ Kg8 95. Qa1 1-0


[Site "https://www.chess.com"]

[Event "Titled Tuesday Blitz February 14 Early 2023"]
[White "Rustemov, Alexander"]
[Black "Kaidanov, Gregory"]
[WhiteFideId "4119002"]
[BlackFideId "2008564"]
[WhiteElo "2525"]
[BlackElo "2559"]
[Result "1-0"]
[Round "06"]
[TimeControl "180+2"]
[Date "2023.02.15"]
[WhiteClock "0:00:21"]
[BlackClock "0:00:14"]

1. d4 d5 2. c4 e6 3. Nc3 c6 4. e3 Nf6 5. Nf3 Nbd7 6. Qc2 Be7 7. Bd3 b6 8. O-O Bb7 9. Rd1 Rc8 10. e4 dxe4 11. Nxe4 c5 12. dxc5 bxc5 13. Bf4 Qb6 14. Ne5 Nxe5 15. Bxe5 Nxe4 16. Bxe4 Bxe4 17. Qxe4 O-O 18. Rd7 Rfe8 19. Rad1 f6 20. Bc3 Bf8 21. Bxf6 Qc6 22. Qg4 Rc7 23. Rxc7 Qxc7 24. Bc3 Qf7 25. Qe4 h6 26. g3 Qc7 27. Kg2 Qf7 28. Rd3 Re7 29. Rf3 Qe8 30. Re3 Qd7 31. b3 Re8 32. Rd3 Qf7 33. Qc6 Re7 34. Rd8 Rc7 35. Qf3 Qxf3+ 36. Kxf3 Kf7 37. Be5 Rb7 38. Rc8 Be7 39. Rc7 Rxc7 40. Bxc7 h5 41. h3 g6 42. Ke4 Ke8 43. Be5 Kd7 44. Bc3 Bd6 45. Be5 Be7 46. f3 Bd8 47. g4 Be7 48. Kf4 Bd8 49. Bg7 Be7 50. Ke5 Bd8 51. Bf8 Bh4 52. Bxc5 Bg3+ 53. Ke4 hxg4 54. fxg4 Bh4 55. b4 Bf6 56. Bxa7 Kc6 57. b5+ Kb7 58. Bd4 Be7 59. c5 1-0


[Site "https://www.chess.com"]